[Event "*** Titled Tuesday Blitz"]
[Site "Chess.com"]
[Date "2020.05.05"]
[Round "5"]
[White "RubensCezila"]
[Black "ajdemipopushi"]
[Result "1-0"]
[WhiteElo "2476"]
[BlackElo "2278"]
[TimeControl "180+1"]
[EndTime "10:57:32 PDT"]
[Termination "RubensCezila won on time"]

1. c4 c5 2. Nc3 g6 3. b3 Bg7 4.
Bb2 Nc6 5. e3 e6 6. Nf3 Nge7 7.
Be2 O-O 8. O-O b6 9. a3 Bb7 10. Qc2 Rc8 11. Rad1 d5 12. Nb5 d4 13. exd4 cxd4 14. Qe4 Qd7 15. a4 a6 16. Na3 d3 17. Bxg7 dxe2 18. Bf6 exf1=Q+ 19. Rxf1 Nf5 20. Qg4 h5 21. Qg5 Kh7 22. g4 Ng7 23. Qf4 Rh8 24.
Ng5+ Kg8 25. d4 Nd8 26. d5 hxg4 27. Rd1 Rh5 28. Nc2 Nf5 29. Ne3 exd5 30. Nxg4 Ne6 31. Nxe6 Qxe6 32. Ba1 dxc4 33. Nf6+ Kf8 34. Nd7+ Kg8 35.
Nf6+ Kf8 36. Nd7+ Ke7 37. Bb2 Qe4 38. Ba3+ Kd8 39. Nf6+ Bd5 40. Qxe4 1-0

[Event "*** Titled Tuesday Blitz"]
[Site "Chess.com"]
[Date "2020.05.05"]
[Round "5"]
[White "chessuriel"]
[Black "pooh2012"]
[Result "1-0"]
[WhiteElo "2234"]
[BlackElo "2454"]
[TimeControl "180+1"]
[EndTime "10:57:32 PDT"]
[Termination "chessuriel won by resignation"]

1. e4 c5 2. Nf3 g6 3. d4 cxd4 4. Nxd4 Nc6 5. c4 Nf6 6. Be3 d6 7. Nc3 Bg7 8. Be2 O-O 9. O-O Bd7 10. Qd2 Rc8 11. Rac1 a6 12. f3 Nxd4 13. Bxd4 Bc6 14.
Rfd1 Nd7 15. Be3 Rb8 16. a4 f5 17. Nd5 fxe4 18. fxe4 Nc5 19. Bg5 Rf7 20. Qe3 Bxa4 21. Rf1 Nb3 22. Rxf7 Kxf7 23. Rf1+ Ke8 24. Qf3 Bd4+ 25.
Kh1 Kd7 26. Bxe7 Qh8 27. Qh3+ Kc6 28. Bd1 Nc5 29. Bxa4+ Nxa4 30. Qb3 Nc5 31. Qh3 b5 32.
cxb5+ axb5 33. b4 Na4 34. Rc1+ Kb7 35. Qd7+ Ka8 36. Nc7+ Kb7 37. Nxb5+ Ka8 38. Nxd4 Qxd4 39. Qxa4+ Qa7 40. Qc6+ Qb7 41. Qxb7+ Kxb7 42. Bxd6 Re8 43. e5 Kb6 44. h3 Kb5 45. Rc7 Ra8 46. Rxh7 Ra2 47. Kh2 Re2 48. Rg7 Re4 49. Rxg6 Kc4 50. Rg4 Kd5 51. Rxe4 Kxe4 1-0

[Event "*** Titled Tuesday Blitz"]
[Site "Chess.com"]
[Date "2020.05.05"]
[Round "5"]
[White "SARGISMV"]
[Black "Aygehovit1992"]
[Result "0-1"]
[WhiteElo "2450"]
[BlackElo "2681"]
[TimeControl "180+1"]
[EndTime "10:57:33 PDT"]
[Termination "Aygehovit1992 won by resignation"]

1. d4 d6 2. Nf3 g6 3. c4 Bg7 4.
Nc3 Nc6 5. d5 Nb8 6. e4 Nd7 7.
Be3 Ngf6 8. h3 c6 9. Bd3 O-O 10.
O-O Nc5 11. Bc2 a5 12. Re1 cxd5 13. exd5 Bd7 14. Qe2 Re8 15. Rad1 a4 16. Bd4 Qa5 17. Qd2 Rac8 18. Re3 Na6 19. Qe2 e5 20. dxe6 Bxe6 21. b3 axb3 22. axb3 Nb4 23. Re1 Nxc2 24. Qxc2 d5 25. Qb2 dxc4 26. bxc4 Bxc4 27. Rxe8+ Rxe8 28. Rxe8+ Nxe8 29. Bxg7 Nxg7 30. Qxb7 Ne8 31. Qc8 Qxc3 32. Qxe8+ Kg7 33. Qe5+ Qxe5 34. Nxe5 Bd5 35. Nd3 f6 36. f3 g5 37. Kf2 h5 38. g3 Kg6 39. h4 Kf5 40. Ke3 Ba8 41. Nf4 gxf4+ 42. gxf4 Bb7 43. Kd4 Kxf4 44. Kc5 Bxf3 45. Kd6 Bg4 46.
Ke7 f5 47. Kf6 Kg3 48. Kg6 f4 49. Kg5 f3 0-1

[Event "*** Titled Tuesday Blitz"]
[Site "Chess.com"]
[Date "2020.05.05"]
[Round "5"]
[White "ajkom197"]
[Black "Atanejhad"]
[Result "1/2-1/2"]
[WhiteElo "2318"]
[BlackElo "2477"]
[TimeControl "180+1"]
[EndTime "10:57:33 PDT"]
[Termination "Game drawn by repetition"]

1. c4 f5 2. d3 Nf6 3. Nc3 g6 4. e4 d6 5. g3 Bg7 6. Bg2 Nc6 7. Nge2 e5 8. O-O fxe4 9. dxe4 O-O 10. f3 Be6 11. b3 Ne7 12. Be3 c5 13. Qd2 Nc6 14. Nd5 Nd4 15. Nxd4 cxd4 16. Bg5 Qd7 17. Rad1 b5 18.
Bxf6 Bxf6 19. cxb5 Bxd5 20. exd5 Qxb5 21. f4 Rac8 22.
Rc1 Rxc1 23. Rxc1 exf4 24. Qxf4 Qe2 25. Bf3 Qb2 26. Bg4 d3 27. Rc8 Rxc8 28. Bxc8 d2 29. Bg4 Bd4+ 30. Kf1 Qc1+ 31. Kg2 d1=Q 32. Bxd1 Qxd1 33.
Qxd6 Kg7 34. Qe7+ Kh6 35. Qh4+ Kg7 36. Qe7+ Kg8 37. Qe8+ Kg7 38. Qe7+ 1/2-1/2

[Event "*** Titled Tuesday Blitz"]
[Site "Chess.com"]
[Date "2020.05.05"]
[Round "5"]
[White "ItsCheckM8Mate"]
[Black "kingofthenil"]
[Result "0-1"]
[WhiteElo "2270"]
[BlackElo "2472"]
[TimeControl "180+1"]
[EndTime "10:57:33 PDT"]
[Termination "kingofthenil won by resignation"]

1. e4 e6 2. d4 d5 3. exd5 exd5 4. c4 Nf6 5. Nc3 Bb4 6. Bd3 O-O 7. Ne2 dxc4 8.
Bxc4 Nc6 9. O-O h6 10. Be3 Bd6 11. f3 Re8 12. Qd2 Na5 13. Bd3 Be6 14. b3 Nc6 15. Rad1 Nb4 16. Bb1 Nbd5 17. Bf2 Bb4 18. Qd3 g6 19. Ne4 Be7 20. N2g3 Nf4 21. Qd2 N6d5 22.
Nc5 Bg5 23. Qb2 Bc8 24. Nge4 Be7 25. Bg3 b6 26. Nd3 Ne6 27. Ne5 Ne3 28. Qc1 Nxf1 29. Nxg6 Nxg3 30. Qxh6 Bf6 31. Nxg3 Bg7 32. Qh5 fxg6 33.
Qxg6 Bd7 34. Qh7+ Kf8 35. Nh5 Qg5 36. Bg6 Qh6 37. Nxg7 Qxh7 38. Nxe6+ Rxe6 39. Bxh7 Re2 0-1

[Event "*** Titled Tuesday Blitz"]
[Site "Chess.com"]
[Date "2020.05.05"]
[Round "5"]
[White "LiamVrolijk"]
[Black "Undisputed92"]
[Result "1/2-1/2"]
[WhiteElo "2746"]
[BlackElo "2589"]
[TimeControl "180+1"]
[EndTime "10:57:34 PDT"]
[Termination "Game drawn by agreement"]

1. d4 Nf6 2. c4 e6 3. Nf3 Bb4+ 4. Bd2 Qe7 5. g3 Nc6 6. e3 Bxd2+ 7. Qxd2 O-O 8. Bg2 Ne4 9. Qc2 Qb4+ 10. Nfd2 Nxd2 11.
Nxd2 e5 12. d5 Nb8 13. O-O d6 14. a3 Qb6 15. b4 a5 16. c5 Qa7 17. Rab1 axb4 18.
axb4 Qa2 19. Qc3 Ra3 20. Rb3 Rxb3 21. Nxb3 Qe2 22. cxd6 cxd6 23. Qc7 Qb2 24. Qxb8 Qxb3 25. Qxd6 Bg4 26. Qxe5 Qxb4 27. h3 Be2 28. Rc1 b5 29. d6 Qd2 30. Rb1 Bc4 31. Bf1 Bxf1 32. Rxf1 Rd8 33.
Qxb5 Qxd6 34. Rc1 h6 35. Qc4 Qd7 36. Kg2 Qb7+ 37. Qc6 Qe7 38. Rc4 Rd6 39. Qa8+ Kh7 40. Rf4 Rf6 41. Re4 Re6 42. Rc4 Qf6 43. Rc8 Kg6 44.
Qa4 Qf5 45. Qd4 Rxe3 46. Rc4 Re6 47. Qg4+ Qxg4 48. Rxg4+ Kh7 49. Rf4 f6 50. Rf3 1/2-1/2

[Event "*** Titled Tuesday Blitz"]
[Site "Chess.com"]
[Date "2020.05.05"]
[Round "5"]
[White "ThePatrick27"]
[Black "GuerrieroFromLevant"]
[Result "1-0"]
[WhiteElo "2531"]
[BlackElo "2373"]
[TimeControl "180+1"]
[EndTime "10:57:34 PDT"]
[Termination "ThePatrick27 won by checkmate"]

1. d4 d5 2. c4 e6 3. Nf3 c5 4.
cxd5 exd5 5. Nc3 Nc6 6. g3 Nf6 7. Bg2 Be7 8. O-O O-O 9. dxc5 Bxc5 10. Na4 Be7 11. Be3 Bg4 12. Rc1 Re8 13. Bc5 Rc8 14.
Re1 b6 15. Bxe7 Qxe7 16. Nc3 Rcd8 17. Nd4 Ne5 18. Qa4 Rd7 19. Rcd1 h6 20. h3 Bh5 21. Kh1 Bg6 22. Nc6 Nxc6 23. Qxc6 d4 24. Nb5 Red8 25.
Rc1 a6 26. Na3 Rd6 27. Qa4 b5 28. Qb4 Re6 29. Qxe7 Rxe7 30. Rc6 Be4 31. Bxe4 Nxe4 32. Kg2 Nd2 33. Rxa6 d3 34. e3 b4 35. Nb1 Nc4 36. b3 d2 37. Rd1 Ne5 38. Rxd2 Rc8 39. Rd1 Rec7 40. Ra5 f6 41. Rad5 Rc2 42. Rd8+ Rxd8 43.
Rxd8+ Kh7 44. Nd2 Rxa2 45. f4 Nc6 46. Rd3 Rc2 47. Kf3 Na5 48. e4 Rc3 49. Ke3 Rc2 50.
g4 Kg6 51. f5+ Kg5 52. Nf3# 1-0

[Event "*** Titled Tuesday Blitz"]
[Site "Chess.com"]
[Date "2020.05.05"]
[Round "5"]
[White "Trickov"]
[Black "warmoatmeal"]
[Result "1-0"]
[WhiteElo "2294"]
[BlackElo "2035"]
[TimeControl "180+1"]
[EndTime "10:57:34 PDT"]
[Termination "Trickov won on time"]

1. d4 Nf6 2. Nf3 d5 3. c4 e6 4.
g3 Be7 5. Bg2 O-O 6. Qc2 dxc4 7.
Qxc4 a6 8. O-O b5 9. Qc2 Bb7 10. Rd1 Nbd7 11. a3 Be4 12. Qb3 c5 13. Nc3 c4 14. Qa2 Bb7 15. Bf4 Qb6 16. Rac1 Rfd8 17.
Qb1 a5 18. Be3 Nd5 19. Nxd5 Bxd5 20. Bf4 Nf6 21. Be5 Rac8 22. Ne1 Bxg2 23. Nxg2 Ng4 24. Qe4 Nxe5 25. dxe5 Rxd1+ 26. Rxd1 Rd8 27. Rxd8+ Qxd8 28. Ne3 Bc5 29. Kg2 Bxe3 30. Qxe3 Qd5+ 31. f3 h6 32. Qc3 Qc5 33. Qxa5 Qxe5 34. Qd8+ Kh7 35. Qd2 g6 36. Kf2 Qc5+ 37. Kg2 Kg7 38. Qc3+ e5 39.
b3 Kh7 40. bxc4 bxc4 41. a4 Qc6 42. a5 Qb5 43. Kf2 Kg7 44. f4 f6 45. fxe5 fxe5 46.
Qa1 Kf7 47. a6 Qb6+ 48. Kf3 Qa7 49. Ke4 1-0

[Event "*** Titled Tuesday Blitz"]
[Site "Chess.com"]
[Date "2020.05.05"]
[Round "5"]
[White "KingChess345"]
[Black "boasovietica"]
[Result "1-0"]
[WhiteElo "2197"]
[BlackElo "2452"]
[TimeControl "180+1"]
[EndTime "10:57:35 PDT"]
[Termination "KingChess345 won by resignation"]

1. d4 Nf6 2. Nf3 g6 3. g3 Bg7 4. Bg2 O-O 5. O-O d6 6. c4 Nc6 7.
Nc3 Bg4 8. d5 Na5 9. Nd2 c5 10.
Qc2 a6 11. Re1 b5 12. cxb5 axb5 13. Nxb5 Qb6 14. Nc3 Rfb8 15. b3 c4 16. bxc4 Qa6 17. e4 Nxc4 18. Nxc4 Qxc4 19. Bf1 Qc7 20. Bd2 Nxe4 21.
Qxe4 Bxc3 22. Bxc3 Bf5 23. Qd4 f6 24. Bd3 Bh3 25.
Bf1 Bf5 26. Re2 Ra3 27. Re3 Rc8 28. Bb2 Ra5 29. Rae1 Re8 30. Bg2 Rc5 31. Qxf6 exf6 32. Rxe8+ Kf7 33. Rh8 g5 34. g4 Bg6 35. Ree8 Kg7 36.
Rhg8+ Kh6 37. Bxf6 Rc1+ 38. Bf1 Rxf1+ 39. Kxf1 Qc4+ 40. Kg2 Qxg4+ 41. Kf1 Bd3+ 42. Ke1 Qg1+ 43. Kd2 Qxf2+ 44. Kxd3 Qxf6 45. Re6 1-0

[Event "*** Titled Tuesday Blitz"]
[Site "Chess.com"]
[Date "2020.05.05"]
[Round "5"]
[White "m-garcett"]
[Black "Ave_Mariia"]
[Result "1-0"]
[WhiteElo "2049"]
[BlackElo "2274"]
[TimeControl "180+1"]
[EndTime "10:57:35 PDT"]
[Termination "m-garcett won by resignation"]

1. e4 c5 2. Nf3 d6 3. d4 cxd4 4. Nxd4 Nf6 5. Nc3 g6 6. Be3 Bg7 7. f3 O-O 8. Bc4 Nc6 9. Qd2 Bd7 10. O-O-O Rc8 11. Bb3 Nxd4 12. Bxd4 b5 13. h4 b4 14.
Nd5 Nxd5 15. Bxg7 Kxg7 16. Qxd5 h5 17. e5 Be6 18. Qe4 Bxb3 19. axb3 Qa5 20. Kb1 dxe5 21.
Rd5 Qc7 22. Qxe5+ Qxe5 23. Rxe5 e6 24. Rb5 Rfd8 25. Rxb4 Rd2 26. Rc4 Rxc4 27. bxc4 Rxg2 28. b4 Kf6 29. Kb2 Ke5 30. Kb3 Rf2 31. b5 Kd4 32.
c3+ Kc5 33. Ra1 Kb6 34. Ra6+ Kb7 35. Rd6 Rxf3 36. Rd7+ Kb6 37. Kb4 Rf4 38. Rd8 Rxh4 39. Rd6+ Kc7 40. Ra6 Kb7 41. Kc5 Rf4 42. Rd6 Rf5+ 43. Kb4 h4 44. c5 h3 45. Rd7+ Kc8 46. Rxa7 h2 47. Ra1 g5 48. b6 g4 49. c6 Rf4+ 50.
c4 Kb8 51. Kb5 g3 52. c7+ Kb7 53. Ra7+ 1-0

[Event "*** Titled Tuesday Blitz"]
[Site "Chess.com"]
[Date "2020.05.05"]
[Round "5"]
[White "gemarin"]
[Black "PowerThinking2650"]
[Result "1-0"]
[WhiteElo "1969"]
[BlackElo "2273"]
[TimeControl "180+1"]
[EndTime "10:57:35 PDT"]
[Termination "gemarin won on time"]

1. d4 Nf6 2. c4 g6 3. Nc3 Bg7 4. e4 d6 5. Nf3 O-O 6. Be2 e5 7. d5 a5 8. Bg5 h6 9. Bh4 Na6 10. Nd2 Qe8 11. O-O Nh7 12. Rb1 h5 13. f3 Bh6 14.
Bf2 Qe7 15. a3 h4 16. b4 axb4 17. axb4 Qg5 18. f4 Qxf4 19. Nf3 h3 20. g3 Qf6 21. c5 Qe7 22. Ra1 Bg4 23. c6 bxc6 24. Rxa6 Rxa6 25. Bxa6 f5 26. Be2 fxe4 27. Nxe4 cxd5 28. Qxd5+ Be6 29.
Qc6 Qf7 30. Nc3 Nf6 31. Ne1 Ng4 32. Ba7 Qe7 33. Bc4 Rxf1+ 34. Bxf1 Qf7 35. Bxh3 Ne3 36.
Bxe6 Qxe6 37. Qf3 Nf5 38. Qd5 Qxd5 39. Nxd5 c6 40. Nc3 d5 41. Ne2 d4 42. Bc5 Be3+ 43.
Kg2 Bd2 44. Nf3 Be3 45. Nxe5 d3 46. Nxd3 1-0

[Event "*** Titled Tuesday Blitz"]
[Site "Chess.com"]
[Date "2020.05.05"]
[Round "5"]
[White "reniite"]
[Black "RianKapriaga"]
[Result "0-1"]
[WhiteElo "1942"]
[BlackElo "2137"]
[TimeControl "180+1"]
[EndTime "10:57:35 PDT"]
[Termination "RianKapriaga won by checkmate"]

1. e4 e5 2. Nf3 Nc6 3. Nc3 Nf6 4. Bb5 Bb4 5. O-O O-O 6. Bxc6 bxc6 7. Nxe5 Bxc3 8.
dxc3 Nxe4 9. Ng4 d5 10. c4 Bxg4 11. Qxg4 f5 12. Qf4 Qd6 13. f3 Nc5 14. Qxd6 cxd6 15.
Bf4 Rad8 16. cxd5 cxd5 17. Rad1 Ne6 18. Bg3 d4 19. Bf2 Rc8 20. Rd2 Rc7 21. Re1 Rf6 22.
Rde2 Kf7 23. Rd1 h6 24. g3 Rg6 25. Kf1 f4 26. g4 Ng5 27. Rd3 Re6 28. Red2 Re3 29. Bxe3 dxe3 30. Re2 Nxf3 31. Rxd6 Ne5 32. c3 Nxg4 33. Kg2 Ne5 34. Re1 Rb7 35. b3 Re7 36.
Rd4 g5 37. h4 Kf6 38. Rd6+ Kf5 39. Rd8 g4 40. Rf8+ Ke4 41. Rf1 f3+ 42. Kg3 e2 43. Re1 Ke3 44. h5 Nd3 45. Rh1 e1=Q+ 46. Rxe1+ Nxe1 47. Kxg4 f2 48. Kg3 Nd3 49. Rf3+ Ke2 50. Kg2 Rg7+ 51. Kh2 Kxf3 52. Kh3 f1=Q+ 53. Kh4 Qh1# 0-1

[Event "*** Titled Tuesday Blitz"]
[Site "Chess.com"]
[Date "2020.05.05"]
[Round "5"]
[White "Semen_Khanin"]
[Black "matiss90"]
[Result "0-1"]
[WhiteElo "2679"]
[BlackElo "2510"]
[TimeControl "180+1"]
[EndTime "10:57:36 PDT"]
[Termination "matiss90 won by resignation"]

1. d4 Nf6 2. c4 g6 3. Nc3 Bg7 4. e4 O-O 5. Be2 d6 6. Be3 Na6 7. h4 e5 8. h5 exd4 9. Bxd4 Nc5 10. hxg6 hxg6 11. f3 Ne6 12. Be3 c6 13. Qd2 Re8 14. O-O-O d5 15. cxd5 cxd5 16. e5 d4 17. exf6 Bxf6 18.
Ne4 dxe3 19. Qd6 Bg7 20. Nh3 Qb6 21. Qxb6 axb6 22. Kb1 Nd4 23. Bc4 Bf5 24. Ng5 Re7 25. g4 Bxe4+ 26. fxe4 Bf6 27. Nxf7 Rxf7 28. Rdf1 b5 29.
Bxf7+ Kg7 30. g5 Bxg5 31. Rhg1 e2 32. Re1 Bd2 33. Rxg6+ Kxf7 34. Rgg1 Bxe1 35. Rxe1 Ke6 36. Kc1 Rc8+ 37. Kb1 Ke5 38. b3 Kxe4 39. Kb2 Kd3 40. Rb1 Kd2 41. Ka3 Nc2+ 42. Kb2 b4 43. Rc1 e1=Q 44. Rxe1 Nxe1 0-1

[Event "*** Titled Tuesday Blitz"]
[Site "Chess.com"]
[Date "2020.05.05"]
[Round "5"]
[White "Harut-1998"]
[Black "eljanov"]
[Result "0-1"]
[WhiteElo "2736"]
[BlackElo "2950"]
[TimeControl "180+1"]
[EndTime "10:57:37 PDT"]
[Termination "eljanov won by resignation"]

1. d4 Nf6 2. Nf3 d5 3. Bf4 e6 4. e3 Bd6 5. Bg3 O-O 6. Nbd2 c5 7. c3 Qc7 8. dxc5 Qxc5 9. Bd3 Nbd7 10. Qe2 h6 11.
O-O-O b5 12. e4 Bxg3 13. hxg3 b4 14. Nb3 Qc7 15. Kb1 bxc3 16. Rc1 dxe4 17. Bxe4 Nxe4 18.
Qxe4 Bb7 19. Qd4 Nf6 20. Rxc3 Qb6 21. Rhc1 Rfd8 22. Qxb6 axb6 23. Rc4 Ne4 24. R4c2 Bd5 25. Nfd4 e5 26. Nf3 Nc5 27. Rxc5 bxc5 28. Rxc5 Be4+ 29.
Kc1 Rxa2 30. Rxe5 Bxf3 31. gxf3 Rb8 32. Kb1 Ra6 33. Nc5 Rab6 34. b3 Rb5 35. Kb2 Rc8 36. Nd3 Rxe5 37. Nxe5 f6 38. Nd7 h5 39. b4 Kf7 40.
Kb3 g5 41. b5 Rc7 42. Nb6 Rb7 43. Nc4 Rxb5+ 44. Kc3 Rb1 45. Ne3 h4 46. Kd2 h3 0-1

[Event "*** Titled Tuesday Blitz"]
[Site "Chess.com"]
[Date "2020.05.05"]
[Round "5"]
[White "Matibar"]
[Black "regular_legs"]
[Result "0-1"]
[WhiteElo "2795"]
[BlackElo "2609"]
[TimeControl "180+1"]
[EndTime "10:57:37 PDT"]
[Termination "regular_legs won by resignation"]

1. f4 d5 2. g3 g6 3. Bg2 Bg7 4.
Nf3 c5 5. d3 Nf6 6. O-O O-O 7.
e3 b6 8. Qe2 Bb7 9. Ne5 Nbd7 10.
Nd2 Qc7 11. Ndf3 Rad8 12. Bd2 Nxe5 13. Nxe5 Nd7 14. Nxd7 Qxd7 15. c3 e5 16. fxe5 Bxe5 17. d4 Bg7 18. Rf2 f5 19. h3 Rde8 20. Qf1 Bh6 21.
Re1 Rf7 22. g4 fxg4 23. Rxf7 Qxf7 24. Qxf7+ Kxf7 25. hxg4 cxd4 26. cxd4 Rc8 27. Bc3 Ke6 28. Kf2 Bg5 29. Kg3 a5 30. Bf1 Kd6 31. Bd3 Re8 32. Bd2 Bc6 33. Rh1 Bxe3 34. Bc3 Bg5 35. Kf2 Rf8+ 36. Kg3 Re8 37. Kf2 Re7 38. b4 Rf7+ 39. Kg3 Re7 40. Kf2 Bd7 41. bxa5 bxa5 42. Bxa5 Be3+ 43.
Kf3 Bxd4 44. Bb4+ Bc5 45. Bd2 Rf7+ 46. Bf4+ Kc6 47. Rc1 g5 0-1

[Event "*** Titled Tuesday Blitz"]
[Site "Chess.com"]
[Date "2020.05.05"]
[Round "5"]
[White "chenxiaoyuer"]
[Black "Gromes7"]
[Result "1/2-1/2"]
[WhiteElo "2214"]
[BlackElo "2105"]
[TimeControl "180+1"]
[EndTime "10:57:37 PDT"]
[Termination "Game drawn by repetition"]

1. e4 c5 2. Nf3 a6 3. g3 b5 4. Bg2 Bb7 5. d3 d6 6. O-O g6 7.
Re1 Bg7 8. c3 Nf6 9. Nbd2 O-O 10. d4 Nbd7 11. Qe2 e5 12. dxe5 dxe5 13. b3 Qc7 14. Bb2 Rac8 15. h4 h5 16. Ng5 Rfd8 17. Nf1 c4 18. b4 Nf8 19. Rad1 N8h7 20. f3 Rxd1 21. Rxd1 Rd8 22. Ne3 Nxg5 23. hxg5 Nh7 24. f4 exf4 25. Rxd8+ Qxd8 26. gxf4 Qc7 27. e5 a5 28.
Bxb7 Qxb7 29. a3 axb4 30. axb4 Qe4 31. Qd2 Nxg5 32. fxg5 Bxe5 33. Ng2 Qg4 34. Bc1 Qh3 35. Qe2 Qh2+ 36. Kf1 Qh1+ 37. Kf2 Qh2 38. Qe4 Qg3+ 39. Kf1 Qxc3 40. Be3 Bg3 41. Ke2 Qxb4 42. Bd4 Qd6 43. Qe8+ Qf8 44. Qe4 Bd6 45. Kf3 Qe7 46. Qa8+ Qf8 47.
Qe4 Qe7 48. Qa8+ Qf8 49. Qe4 1/2-1/2

[Event "*** Titled Tuesday Blitz"]
[Site "Chess.com"]
[Date "2020.05.05"]
[Round "5"]
[White "Angry_Twin"]
[Black "zubridis"]
[Result "1-0"]
[WhiteElo "2827"]
[BlackElo "2451"]
[TimeControl "180+1"]
[EndTime "10:57:38 PDT"]
[Termination "Angry_Twin won on time"]

1. e4 c5 2. Nf3 d6 3. d4 cxd4 4.
Nxd4 Nf6 5. Nc3 g6 6. Be3 Bg7 7. f3 a6 8. Qd2 h5 9. O-O-O Nbd7 10. Kb1 b5 11. Bd3 Bb7 12. h3 h4 13. Bg5 Rc8 14. Rhe1 Ne5 15. Nb3 O-O 16. Bxh4 b4 17. Nd5 Bxd5 18.
exd5 a5 19. f4 Nc4 20. Bxc4 Rxc4 21. Qd3 Rxf4 22. Bg5 Rf5 23. Bxf6 Bxf6 24. g4 Re5 25. Rf1 Bg7 26. h4 a4 27. Nd2 a3 28. Nc4 axb2 29.
h5 g5 30. h6 Bf6 31. Nxe5 Bxe5 32. Rf5 Kh8 33. Qe3 f6 34. Qd3 Qe8 35. Rf2 Qf7 36.
Qe4 Ra8 37. Qxb4 Qe8 38. Rf3 Rb8 39. Qc4 Qd7 40. Rb3 Rc8 41. Qe4 Qe8 42. h7 Kg7 43. Rh1 1-0

[Event "*** Titled Tuesday Blitz"]
[Site "Chess.com"]
[Date "2020.05.05"]
[Round "5"]
[White "Bacyanide"]
[Black "Fins0905"]
[Result "0-1"]
[WhiteElo "2428"]
[BlackElo "2650"]
[TimeControl "180+1"]
[EndTime "10:57:38 PDT"]
[Termination "Fins0905 won by checkmate"]

1. d4 d5 2. Nf3 Nf6 3. Bf4 c5 4. e3 cxd4 5. exd4 Nc6 6. Nbd2 Bf5 7. Bb5 Nd7 8. c4 e6 9. O-O Be7 10. Rc1 O-O 11. cxd5 exd5 12. Bxc6 bxc6 13. Rxc6 Qa5 14. a3 Qb5 15. Qc1 Nb6 16. Re1 Rfc8 17. Rc3 Bf8 18.
b4 Rxc3 19. Qxc3 Rc8 20. Qe3 Nc4 21. Nxc4 dxc4 22. Qc3 Qa4 23. h3 a5 24. bxa5 Qxa3 25. Bd2 Qb3 26. Ra1 Ra8 27. a6 Qb6 28. Qxc4 Bc8 29.
a7 Be6 30. d5 Bd7 31. Ne5 Be8 32. Nc6 Bd6 33. Be3 Qb7 34. g3 h6 35. Bc5 Bc7 36.
Bd4 Bd6 37. h4 Qd7 38. h5 Qh3 39. Bc5 Bxg3 40. fxg3 Qxg3+ 41. Kf1 Bd7 42. Bf2 Qf3 43. Qe2 Qh1+ 44. Bg1 Re8 45. Qg2 Bh3 46. Qxh3 Qxh3+ 47. Kf2 Qf5+ 48. Kg2 Re2+ 49. Kh1 Qh3+ 50. Bh2 Qxh2# 0-1

[Event "*** Titled Tuesday Blitz"]
[Site "Chess.com"]
[Date "2020.05.05"]
[Round "5"]
[White "zajka-molotok"]
[Black "ArnaudovP"]
[Result "0-1"]
[WhiteElo "2383"]
[BlackElo "2590"]
[TimeControl "180+1"]
[EndTime "10:57:38 PDT"]
[Termination "ArnaudovP won on time"]

1. d4 Nf6 2. c4 Nc6 3. Nf3 e6 4. Nc3 Bb4 5. e3 d6 6. Bd3 O-O 7. O-O Bxc3 8. bxc3 e5 9. e4 Re8 10. Re1 Bg4 11. Bb2 Bh5 12. h3 Qd7 13. Re3 b6 14. Qc2 Na5 15. a4 c5 16. d5 Bxf3 17. Rxf3 Qe7 18. Bc1 Nd7 19. Rg3 Nf8 20. Bd2 Kh8 21.
Rf1 Ng6 22. Rg4 Nb7 23. h4 Nd8 24. h5 Nf4 25. Bxf4 exf4 26. Rxf4 f6 27. Rg4 Qe5 28. Rh4 Qg5 29. Rh3 Qf4 30. Qe2 Nf7 31. g3 Qe5 32. Qd2 Ng5 33. f4 Nxh3+ 34. Kg2 Qxh5 35. Rh1 Nxf4+ 36.
Qxf4 Qg5 37. Qf3 Re5 38. Rh4 Rae8 39. Rg4 Qh6 40. Rh4 Qg6 41. Rg4 Qf7 42. Rh4 Kg8 43. Qg4 Qg6 44. Qh3 Rg5 45. Kh2 h6 46. g4 Qf7 47. Qf3 Qe7 48. Rh3 Qe5+ 49. Kg2 Qxc3 50.
e5 Qxe5 51. Rg3 Qb2+ 52. Kh3 Qd4 0-1

[Event "*** Titled Tuesday Blitz"]
[Site "Chess.com"]
[Date "2020.05.05"]
[Round "5"]
[White "Kate1606"]
[Black "APOKALIPSA13"]
[Result "0-1"]
[WhiteElo "2098"]
[BlackElo "2253"]
[TimeControl "180+1"]
[EndTime "10:57:39 PDT"]
[Termination "APOKALIPSA13 won on time"]

1. e4 c6 2. d4 d5 3. exd5 cxd5 4. Bd3 Nf6 5. c3 Nc6 6. Bf4 Bg4 7. Qb3 Qc8 8. Nd2 e6 9. Ngf3 Be7 10. O-O O-O 11.
Ne5 Nxe5 12. dxe5 Nd7 13. Qc2 g6 14. h3 Bf5 15. Bxf5 gxf5 16. Bh6 Re8 17. Qd3 Nxe5 18.
Qg3+ Ng6 19. Nf3 Qb8 20. Qxb8 Raxb8 21. Be3 a6 22. Bd4 b5 23. Rfe1 Rbc8 24. g3 Bd6 25.
Ne5 Nxe5 26. Bxe5 Bxe5 27. Rxe5 f6 28. Re2 Kf7 29. Kg2 Rc4 30. f4 e5 31. Rd1 d4 32.
cxd4 exd4 33. Rxe8 Kxe8 34. Rd2 Kd7 35. Kf3 Kd6 36.
g4 fxg4+ 37. Kxg4 Ke6 38. h4 h5+ 39. Kxh5 Kf5 40. b3 Rc8 41. Kh6 Ke4 42. Kg7 Ke3 43.
Rd1 d3 44. h5 f5 45. h6 Ke2 46. Rh1 d2 47. h7 d1=Q 48. Rxd1 Kxd1 49. h8=Q Rxh8 50.
Kxh8 Ke2 51. Kg7 Ke3 52. a4 Kxf4 53. axb5 axb5 54. Kf6 Ke4 0-1

[Event "*** Titled Tuesday Blitz"]
[Site "Chess.com"]
[Date "2020.05.05"]
[Round "5"]
[White "adriangschnitzer"]
[Black "olksuna"]
[Result "1-0"]
[WhiteElo "2433"]
[BlackElo "2575"]
[TimeControl "180+1"]
[EndTime "10:57:40 PDT"]
[Termination "adriangschnitzer won by resignation"]

1. c4 c5 2. Nf3 Nf6 3. Nc3 d5 4. cxd5 Nxd5 5. e3 Nc6 6. Qb3 e6 7. Be2 Be7 8. O-O O-O 9. Rd1 Nxc3 10.
bxc3 Qc7 11. d4 b6 12. e4 Rd8 13. Be3 Na5 14. Qb5 Bb7 15. e5 cxd4 16. cxd4 Bd5 17.
Rac1 Qb7 18. Qb1 Rac8 19. Ng5 g6 20. Bf3 Nc4 21. Bxd5 Qxd5 22. Ne4 Rc6 23. Bg5 Bxg5 24. Nxg5 f5 25. Qb3 h6 26. Nf3 Rdc8 27. h3 Kf7 28.
Rc3 g5 29. Rdc1 b5 30. a4 a6 31. axb5 axb5 32. Ra1 Kg6 33. Qd1 b4 34. Rcc1 Nb2 35.
Rxc6 Rxc6 36. Qb1 Qb3 37. Ra2 Rc2 38. Ne1 Rd2 39. g4 Rd1 40. gxf5+ exf5 41. Ra6+ Kh5 42.
Qxf5 Rxe1+ 43. Kh2 Qd1 44. Qf7+ Kh4 45. Rxh6+ 1-0

[Event "*** Titled Tuesday Blitz"]
[Site "Chess.com"]
[Date "2020.05.05"]
[Round "5"]
[White "AndriiTop"]
[Black "jonaszmb"]
[Result "0-1"]
[WhiteElo "2312"]
[BlackElo "2492"]
[TimeControl "180+1"]
[EndTime "10:57:40 PDT"]
[Termination "jonaszmb won by resignation"]

1. d4 d5 2. Nf3 Nf6 3. c4 e6 4.
Nc3 Nbd7 5. cxd5 exd5 6. Bg5 c6 7. e3 Qa5 8. Qc2 Ne4 9. Bd3 Nxg5 10. Nxg5 h6 11.
Nf3 Bd6 12. O-O O-O 13. a3 Re8 14. b4 Qd8 15. b5 Nf6 16. bxc6 bxc6 17. Na4 Bg4 18.
Qxc6 Rc8 19. Qa6 Bxf3 20. gxf3 Nh5 21. Bf5 Rc4 22. Nb2 Qf6 23. Qb5 Rb8 24. Qxd5 Rxb2 25.
Be4 Nf4 26. Qa8+ Rb8 27. Qxa7 Ne2+ 28. Kh1 Qh4 29. f4 Nxf4 30. exf4 Bxf4 31. Kg2 Rc3 32. Rh1 Qh3+ 33. Kg1 Rbc8 34. Rd1 Rc1 35. Bf3 Rxd1+ 36. Bxd1 Rc1 37. Qa4 Qg4+ 38. Kf1 Rxd1+ 39. Qxd1 Qxd1+ 40. Kg2 Qg4+ 41. Kf1 Qd1+ 42. Kg2 Qxd4 43. Kf1 Qe4 44. Kg1 Bg5 45. Kf1 Qxh1+ 46. Ke2 Qa8 0-1

[Event "*** Titled Tuesday Blitz"]
[Site "Chess.com"]
[Date "2020.05.05"]
[Round "5"]
[White "PavelChernomordik"]
[Black "AwareIdea"]
[Result "1-0"]
[WhiteElo "2424"]
[BlackElo "2571"]
[TimeControl "180+1"]
[EndTime "10:57:41 PDT"]
[Termination "PavelChernomordik won by resignation"]

1. e4 e5 2. Nf3 Nc6 3. Bb5 Nf6 4. Qe2 a6 5. Ba4 b5 6. Bb3 Bc5 7. a4 b4 8. Bxf7+ Kxf7 9. Qc4+ Kf8 10. Qxc5+ Qe7 11. Qxe7+ Kxe7 12. d3 d6 13. Nbd2 Bg4 14. h3 Bxf3 15. Nxf3 h6 16. Be3 b3 17. c3 d5 18. Bc5+ Kf7 19. exd5 Nxd5 20. g3 Rhd8 21. Ke2 Nf6 22. Nd2 Rd5 23. Be3 Rad8 24. Nxb3 Rb8 25.
Nd2 Rxb2 26. Rhb1 Rxb1 27. Rxb1 Ra5 28. Rb7 Ne8 29. Bb6 Rxa4 30. Bxc7 Ke6 31. Rb6 Kd7 32. Bb8 Ra2 33. Ke3 a5 34. Nc4 a4 35. Nxe5+ Nxe5 36. Bxe5 a3 37. c4 h5 38. Ra6 g5 39. c5 h4 40. gxh4 gxh4 41. c6+ Ke6 42. Kd4 Rxf2 43. c7+ Kd7 44. Ra8 Rc2 45. Rd8+ Ke7 46. c8=Q Rxc8 47. Rxc8 1-0